 Dungeon Crawl Stone Soup version bcrawl-1.28.4 (webtiles) character file.

Game seed: 8273442105609256793

121414 esc the Skirmisher (level 3, -1/27 HPs)
             Began as a Hill Orc Archaeologist on Jan 18, 2021.
             Was an Initiate of Hepliaklqana.
             Killed from afar by Sigmund (6 damage)
             ... with a puff of flame
             ... on level 2 of the Dungeon.
             The game lasted 00:02:06 (1068 turns).

esc the Skirmisher (Hill Orc Archaeologist)         Turns: 1068, Time: 00:02:07

Health: -1/27      AC:  6    Str: 14    XL:     3   Next: 45%
Magic:  3/3        EV: 12    Int: 14    God:    Hepliaklqana [......]
Gold:   58         SH:  0    Dex:  9    Spells: 2/2 levels left

rFire    . . .     SeeInvis +   s - +0 morningstar
rCold    . . .     Gourm    .   (no shield)
rNeg     . . .     Faith    .   q - +0 leather armour
rPois    .         Spirit   .   d - +1 hat
rElec    .         Reflect  .   (no cloak)
rCorr    .         Harm     .   (no gloves)
MR       .....                  i - +1 pair of boots
Stlth    ++........             (no amulet)
HPRegen  0.09/turn              n - ring of the Death Scarab {+Fly SInv}
MPRegen  0.08/turn              r - ring of see invisible

@: no status effects
A: reduced essence
a: Recall Ancestor, Ancestor Identity, Renounce Religion, Evoke Flight


You were on level 2 of the Dungeon.
You worshipped Hepliaklqana.
Hepliaklqana was noncommittal.
You were not hungry.

You visited 1 branch of the dungeon, and saw 2 of its levels.

You collected 58 gold pieces.

Inventory:

Hand Weapons
 b - a +0 blowgun
 s - a +0 morningstar (weapon)
Missiles
 f - 6 curare-tipped needles
 o - 206 poisoned needles
Armour
 d - a +1 hat (worn)
 i - a +1 pair of boots (worn)
 q - a +0 leather armour (worn)
Jewellery
 n - the ring of the Death Scarab (left hand) {+Fly SInv}
   (You found it on level 1 of the Dungeon)

   [ring of flight]

   It lets you see invisible.
   It lets you fly.
 r - a ring of see invisible (right hand)
Scrolls
 g - 2 scrolls of magic mapping
 k - a scroll of amnesia {unknown}
 m - 2 scrolls of teleportation {unknown}
 p - a scroll of remove curse {unknown}
 v - a scroll of identify
Potions
 a - a potion of flight {unknown}
 c - a potion of berserk rage {unknown}
 j - 2 potions of curing {unknown}
 l - a potion of degeneration {unknown}
 u - a potion of brilliance {unknown}
Miscellaneous
 h - a dusty tome
Comestibles
 e - 3 rations {!d}


   Skills:
 + Level 3.0 Fighting
   Level 3.0 Short Blades
   Level 3.0 Long Blades
   Level 3.0 Axes
   Level 3.0 Maces & Flails
   Level 3.0 Polearms
   Level 3.0 Staves
 + Level 0.6 Armour
 - Level 2.4 Dodging
 - Level 2.6 Stealth
   Level 3.0 Unarmed Combat


You had 2 spell levels left.
You didn't know any spells.
Your spell library was empty.

Dungeon Overview and Level Annotations

Branches:
Dungeon (2/12)

Altars:
Gozag
Hepliaklqana

Annotations:
D:2 Sigmund


Message History

The hobgoblin hits Huemac with a +0 club.
Huemac hits the hobgoblin.
The hobgoblin dies!
You closely miss Sigmund.
Sigmund is heavily wounded.
Sigmund hits you with a +0 scythe.
Huemac hits Sigmund.
You completely miss Sigmund.
Sigmund is severely wounded.
Huemac barely misses Sigmund.
Sigmund misses you.
Huemac hits Sigmund.
You barely miss Sigmund.
Sigmund is severely wounded.
Sigmund gestures at you while chanting. The puff of flame hits you!
* * * LOW HITPOINT WARNING * * *
Huemac misses Sigmund.
You closely miss Sigmund.
Sigmund is severely wounded.
Sigmund casts a spell at you. The puff of flame hits you.
You die...

#.###.# #.# #.##...
#.....###.###)##.##
#####.+.._..'......
#....#######......
#....# ### #......
#....#######......
#.##..............
.
#.##.####.########
....####@...# .
#.....@R..## .#
#.....).....# .
#..>...##....... #.
......#######...[
#. #..... ###. .
...>.. ##### .....
..... ..... #####


You could see the friendly Huemac the ancestor and Sigmund.

Vanquished Creatures
  An ooze (D:1)
  A worm (D:2)
  A dart slug (D:1)
  An orc (D:2)
  A ball python (D:1)
  A giant cockroach (D:1)
  4 goblins
  6 hobgoblins
  5 kobolds
  3 rats (D:1)
24 creatures vanquished.

Vanquished Creatures (collateral kills)
  A hobgoblin (D:2)
  A kobold (D:2)
2 creatures vanquished.

Grand Total: 26 creatures vanquished

Notes
Turn   | Place    | Note
-------+----------+-------------------------------------------
     0 | D:1      | esc the Hill Orc Archaeologist began the quest for the Orb.
     0 | D:1      | Reached XP level 1. HP: 16/16 MP: 1/1
    73 | D:1      | Reached skill level 2 in Fighting
   118 | D:1      | Reached XP level 2. HP: 24/24 MP: 2/2
   386 | D:1      | Got a fine brass ring
   387 | D:1      | Identified the ring of the Death Scarab {+Fly SInv} (You
                  | found it on level 1 of the Dungeon)
   617 | D:1      | Reached XP level 3. HP: 30/30 MP: 3/3
   791 | D:1      | Found an opulent altar of Gozag.
  1018 | D:2      | Found a hazy altar of Hepliaklqana.
  1023 | D:2      | Became a worshipper of Hepliaklqana the Forgotten
  1043 | D:2      | Noticed Sigmund
  1057 | D:2      | Reached skill level 3 in Fighting
  1068 | D:2      | Killed from afar by Sigmund

Skill      XL: |  1  2  3 |
---------------+----------+-----
Fighting       | 2 3 |  3.0
Short Blades   | |  3.0
Long Blades    | |  3.0
Axes           | |  3.0
Maces & Flails | |  3.0
Polearms       | |  3.0
Staves         | |  3.0
Armour         | |  0.6
Dodging        | |  2.4
Stealth        | |  2.6
Unarmed Combat | |  3.0

Action                   || total
-------------------------++-------
Melee: Whip              ||    88
       Morningstar       ||    29
 Stab: Distracted        ||     1
  Eat: Chunk             ||     4
Armor: Robe              ||    23
       Leather armour    ||     6
Dodge: Dodged            ||    67
